 Dungeon Crawl Stone Soup version 0.30-a0-1114-gd936c97349 (webtiles) character file.

Game seed: 17307065473696079241

454 jasper the Trooper (level 6, -10/52 HPs)
             Began as a Mummy Cinder Acolyte on Apr 20, 2023.
             Was a High Priest of Ignis.
             Mangled by Menkaure (17 damage)
             ... on level 4 of the Dungeon.
             The game lasted 00:06:27 (3489 turns).

jasper the Trooper (Mummy Cinder Acolyte)           Turns: 3489, Time: 00:06:27

Health: -10/52     AC:  5    Str: 20    XL:     6   Next: 76%
Magic:  8/8        EV: 10    Int: 13    God:    Ignis [*****.]
Gold:   73         SH:  4    Dex:  7    Spells: 7/7 levels left

rFire   . . .      SeeInvis .    a - +0 spear (flame)
rCold   + . .      Faith    +    l - +1 buckler
rNeg    + + +      Spirit   .    g - +0 ring mail
rPois   ∞          Reflect  .    (no helmet)
rElec   .          Rampage  .    (no cloak)
rCorr   .                        (no gloves)
Will    .....                    (no boots) Stlth
                                 (no amulet)
HPRegen 0.28/turn                (no ring)
MPRegen 0.11/turn                (no ring)

@: no status effects
A: cold resistance 1, negative energy resistance 3, torment resistance 2, heat
vulnerability 1, in touch with death 1, no potions, faith
a: Renounce Religion, Fiery Armour, Foxfire Swarm, Rising Flame


You were on level 4 of the Dungeon.
You worshipped Ignis.
Ignis was extremely pleased with you.
You visited 1 branch of the dungeon, and saw 4 of its levels.
You also visited: Sewer.

You collected 196 gold pieces.
You spent 123 gold pieces at shops.

Inventory:

Hand Weapons
 a - a +0 spear of flaming (weapon)
 m - the +6 great sword "Otwyiz" {heavy, rCorr}
   (You found it in a sewer)

   rCorr:     It protects you from acid and corrosion.
Missiles
 d - 13 boomerangs (quivered)
 k - 2 javelins
 o - 2 poisoned darts
Armour
 b - a +0 robe
 g - a +0 ring mail (worn)
 j - a +0 kite shield
 l - a +1 buckler (worn)
Magical Staves
 c - a staff of conjuration
Jewellery
 h - a ring of magical power
Scrolls
 e - 2 scrolls of fog
 f - 2 scrolls of blinking
 i - 2 scrolls of amnesia
 n - 3 scrolls of identify {unknown}
 p - 4 scrolls of fear
 q - a scroll of torment


   Skills:
 + Level 5.8 Fighting
 * Level 4.1 Polearms
 + Level 2.1 Shields
 - Level 1.3 Spellcasting
 - Level 2.4 Fire Magic


You had 7 spell levels left.
You didn't know any spells.
Your spell library contained the following spells:

 Spells                   Type           Power      Damage    Failure   Level
 Scorch                   Fire           14%        2d6       34%         2
 Dazzling Flash           Conj/Hex       0%         N/A       88%         3
 Agony                    Necr           1%         N/A       100%        5
 Silence                  Hex/Air        0%         N/A       100%        5


Dungeon Overview and Level Annotations

Branches:
Dungeon (4/15)              Sewer (visited)
 Temple: D:4-7

Altars:
Makhleb

Shops:
D:1 ?   D:4 ?=

Annotations:
D:4 Menkaure


Innate Abilities, Weirdness & Mutations

You are immune to poison.
Your flesh is cold resistant. (rC+)
You are immune to negative energy. (rN+++)
You are immune to unholy pain and torment.
You are vulnerable to heat. (rF-)
You are in touch with the powers of death.
You do not drink.
You have a special connection with the divine. (Faith)


Message History

Aim: Menkaure (fast, about 25% to evade your +0 spear of flaming)
You barely miss Menkaure. You block Menkaure's attack.
You hit Menkaure but do no damage. Menkaure hits you!
You take 10 damage, and have 42/52 hp.
You hit Menkaure. You burn Menkaure.
Menkaure is lightly damaged.
Menkaure misses you.
You hit Menkaure but do no damage.
Menkaure is lightly damaged.
You block Menkaure's attack.
You hit Menkaure. You burn Menkaure.
Menkaure is lightly damaged.
Menkaure hits you! Menkaure hits you!!
* * * LOW HITPOINT WARNING * * *
You closely miss Menkaure.
Menkaure is lightly damaged.
Menkaure completely misses you.
You hit Menkaure. You burn Menkaure.
Menkaure is moderately damaged.
Menkaure hits you.
* * * LOW HITPOINT WARNING * * *
You take 32 damage, and have 11/52 hp.
MASSIVE DAMAGE!!
You barely miss Menkaure.
Menkaure is moderately damaged.
Menkaure misses you.
You closely miss Menkaure.
Menkaure is moderately damaged.
Menkaure closely misses you.
You barely miss Menkaure.
Menkaure is moderately damaged.
Menkaure hits you.
* * * LOW HITPOINT WARNING * * *
You hit Menkaure. You burn Menkaure.
Menkaure is heavily damaged.
Menkaure hits you.
* * * LOW HITPOINT WARNING * * *
You hit Menkaure. You burn Menkaure.
Menkaure is severely damaged.
Menkaure hits you!
You die...

#########.##..#######..#
#.##.#.......#.#
#.##.......<...#
##.......#.###.#
###...###.#.# #.#
#.........#.# #.#
.#######.#####.#...###.##
.........#...#.#.........
########@#.#.#.#...###.##
......M.#.#∩#.#.#.# #.#
#######.#.###.#.#.# #.#
..#.....#.#.# #.#
#.#######.#.# #.# #..
..#.# ### #.. ###.# ###


You could see Menkaure (fast).

Vanquished Creatures
  A phantom (D:4)
  2 bullfrogs (Sewer)
  A hound (D:4)
  10 adders
  5 river rats (Sewer)
  2 worms (D:2)
  A dart slug (D:1)
  9 endoplasms
  4 giant cockroaches
  6 goblins
  5 hobgoblins
  2 kobolds
  A quokka (D:2)
  15 ball pythons
  5 bats
  2 frilled lizards (D:2)
  23 rats
94 creatures vanquished.

Notes
Turn   | Place    | Note
-------+----------+-------------------------------------------
     0 | D:1      | jasper the Mummy Cinder Acolyte began the quest for the
                  | Orb.
     0 | D:1      | Reached XP level 1. HP: 18/18 MP: 2/2
   108 | D:1      | Found Vyafo's Magic Scroll Emporium.
   370 | D:1      | Found a faded altar of an unknown god.
   775 | D:1      | Reached XP level 2. HP: 24/24 MP: 4/4
  1123 | D:2      | Reached skill level 4 in Fighting
  1192 | D:2      | Gained mutation: You are in touch with the powers of death.
                  | [Mummy growth]
  1192 | D:2      | Reached XP level 3. HP: 28/31 MP: 5/5
  1373 | D:2      | Reached XP level 4. HP: 34/38 MP: 6/6
  1682 | D:3      | Reached skill level 5 in Fighting
  1955 | D:3      | Found a glowing drain.
  1970 | Sewer    | Entered a sewer
  2249 | Sewer    | Reached XP level 5. HP: 43/44 MP: 7/7
  2266 | Sewer    | Reached skill level 1 in Shields
  2283 | Sewer    | Identified the +6 great sword "Otwyiz" {heavy, rCorr}
  2352 | Sewer    | Reached XP level 6. HP: 36/51 MP: 8/8
  2803 | D:3      | Found a burning altar of Makhleb.
  2803 | D:3      | Noticed a green death
  3067 | D:4      | Found Imni's Jewellery Boutique.
  3451 | D:4      | Found Firr's Magic Scroll Emporium.
  3454 | D:4      | Bought a scroll of torment for 123 gold pieces
  3475 | D:4      | Noticed Menkaure
  3489 | D:4      | Mangled by Menkaure

Illustrated notes

Levels and vault maps discovered:
D:1:      dpeg_arrival_pond, layout_basic, serial_shops, shop,
          hellmonk_ecumenical_altar_heavens_door, kennysheep_nondescript,
          amethyst_killhole
D:2:      layout_basic, minmay_pentomino_w2
D:3:      layout_loops_corners, makhleb_altar_promises_db,
          cheibrodos_sewer_entry_drain
D:4:      layout_basic, amcnicky_altar_gilded, tso_oasis_becter, serial_shops,
          nicolae_shop_rolled_up, nicolae_take_the_stairs, shop,
          nicolae_shop_statue_plus, uniq_menkaure

Skill      XL: |  1  2  3  4  5  6 |
---------------+-------------------+-----
Fighting       | 4 5 |  5.8
Shields        | 1 2 |  2.1
Polearms       | 3 4 |  4.1
Spellcasting   | |  1.3
Fire Magic     | |  2.4

Action                     |  1- 3 |  4- 6 || total
---------------------------+-------+-------++-------
  Melee: Spear             |   112 |   143 ||   255
  Throw: Boomerang         |     6 |     8 ||    14
 Invoke: Fiery Armour      |       |     3 ||     3
    Use: Scroll            |     2 |     7 ||     9
 Armour: Ring mail         |    36 |    69 ||   105
         Robe              |     2 |       ||     2
  Dodge: Dodged            |    50 |    86 ||   136
  Block: Buckler           |       |    26 ||    26

Table legend: (Time is in decaauts)
 A = Elapsed time spent in this place.
 B = Non-inter-level travel time spent in this place.
 C = Inter-level travel time spent in this place.
 D = Time resting spent in this place.
 E = Time spent auto-exploring this place.
 F = Levels seen in this place.
 G = Mean time per level.
                   A        B        C        D        E       F      G
               +--------+--------+--------+--------+--------+-----+--------+
         Total |   3576 |   3363 |    213 |    154 |   2281 |   5 |  715.2 |
       Dungeon |   2908 |   2695 |    213 |     71 |   2131 |   4 |  727.0 |
         Sewer |    668 |    668 |      0 |     83 |    150 |   1 |  668.0 |
               +--------+--------+--------+--------+--------+-----+--------+

Top non-repeatable levels by time:
     D:3: 943 daAuts
     D:1: 927 daAuts
   Sewer: 668 daAuts
     D:2: 594 daAuts
     D:4: 443 daAuts
